 Dungeon Crawl Stone Soup version 0.30.2 (webtiles) character file.

Game seed: 14236215340437443795

154 porpoise the Shooter (level 5, -4/42 HPs)
             Began as a Barachi Hunter on Mar 22, 2024.
             Slain by a goblin
             ... wielding a +0 club
             ... led by Robin
              (6 damage)
             ... on level 3 of the Dungeon.
             The game lasted 00:05:17 (1960 turns).

porpoise the Shooter (Barachi Hunter)               Turns: 1960, Time: 00:05:17

Health: -4/42      AC:  3    Str: 13    XL:     5   Next: 36%
Magic:  5/5        EV: 12    Int:  9    God:
Gold:   135        SH:  0    Dex: 17    Spells: 4/4 levels left

rFire   . . .        a - +0 shortbow
rCold   . . .        (shield currently unavailable)
rNeg    . . .        c - +0 leather armour
rPois   .            (no helmet)
rElec   .            (no cloak)
rCorr   .            (no gloves)
SInv    .            (no boots)
Will    .....        m - amulet of magic regeneration
Stlth   ++           D - +4 ring of slaying
HPRegen 0.27/turn    (no ring)
MPRegen 0.49/turn

%: no passive effects
@: slow
A: amphibious, slowness 1, strong legs 1, +LOS
a: Hop


You were on level 3 of the Dungeon.
You visited 1 branch of the dungeon, and saw 3 of its levels.

You collected 135 gold pieces.

Inventory:

Hand Weapons
 a - a +0 shortbow (weapon)
Missiles
 f - 5 poisoned darts
 w - 5 datura-tipped darts
 x - 2 boomerangs
 z - a boomerang of dispersal
Armour
 c - a +0 leather armour (worn)
Magical Staves
 B - a staff of fire
Jewellery
 m - an amulet of magic regeneration (around neck)
 s - a ring of fire
 D - a +4 ring of slaying (left hand)
Wands
 y - a wand of iceblast (8)
Scrolls
 b - a scroll of immolation
 d - 3 scrolls of identify {unknown}
 e - a scroll of teleportation {unknown}
 j - a scroll of poison {unknown}
 l - a scroll of brand weapon {unknown}
 r - a scroll of blinking {unknown}
 v - a scroll of enchant weapon {unknown}
 C - a scroll of amnesia {unknown}
Potions
 g - a potion of mutation {unknown}
 h - 2 potions of curing {unknown}
 i - a potion of heal wounds {unknown}
 k - a potion of lignification {unknown}
 n - a potion of flight {unknown}
 o - a potion of degeneration {unknown}
 p - a potion of brilliance {unknown}
 q - a potion of haste {unknown}
 t - a potion of cancellation {unknown}
 u - a potion of resistance {unknown}
 A - a potion of invisibility


   Skills:
 + Level 4.1 Fighting
 * Level 5.8 Ranged Weapons
 - Level 2.1 Dodging
 - Level 0.8 Stealth


You had 4 spell levels left.
You didn't know any spells.
Your spell library contained the following spells:

 Spells                   Type           Power      Damage    Failure   Level
 Blink                    Tloc           0%         N/A       61%         2
 Lesser Beckoning         Tloc           0%         N/A       61%         2
 Momentum Strike          Conj/Tloc      0%         3d8       61%         2


Dungeon Overview and Level Annotations

Branches:
Dungeon (3/15)

Altars:
Qazlal

Annotations:
D:3 Robin


Innate Abilities, Weirdness & Mutations

You are amphibious.
You cover ground slowly.
You can hop short distances.
You have an extended range of vision and can be seen from far away.


Message History

Robin hits you but does no damage. Robin throws the goblin at you!
The goblin barely misses you.
You shoot an arrow. The arrow closely misses Robin.
The hobgoblin closely misses you. The goblin closely misses you.
Robin hits you with a +0 dagger.
You shoot an arrow. The arrow closely misses Robin.
The hobgoblin hits you with a +0 whip. Robin hits you but does no damage.
The goblin misses you.
You shoot an arrow. The arrow hits Robin.
Robin is moderately wounded.
The hobgoblin hits you with a +0 whip! The goblin barely misses you.
Robin hits you with a +0 dagger.
You shoot an arrow. The arrow hits Robin.
Robin is moderately wounded.
The hobgoblin misses you. The goblin closely misses you.
Robin throws the goblin at you! The hobgoblin closely misses you.
Robin hits you with a +0 dagger. The goblin hits you with a +0 club.
The goblin barely misses you.
You are too injured to fight recklessly!
You are too injured to fight recklessly!
You are too injured to fight recklessly!
Unknown command.
You shoot an arrow. The arrow hits Robin.
Robin is heavily wounded.
The goblin no longer looks unusually strong.
The hobgoblin hits you with a +0 whip!
* * * LOW HITPOINT WARNING * * *
The goblin hits you with a +0 club.
* * * LOW HITPOINT WARNING * * *
Robin hits you with a +0 dagger.
* * * LOW HITPOINT WARNING * * *
The goblin closely misses you. The goblin hits you with a +0 club.
* * * LOW HITPOINT WARNING * * *
Things that are here:
a +0 club; a goblin corpse The goblin misses you.
There is a stone staircase leading up here.
The hobgoblin barely misses you. The goblin hits you with a +0 club.
You die...

###### #....### ######
#......#####.....#
#....#............
###......###........
######....)g............g
##..........g##..#.g......
##...........gg##.#........
#.............@.#.#..†..g..
#...............#..........
#........###...###.....?...
#.......)#E#...#E#......###
#........###...###..#.>.#
##................#.....#
##.....#...._....##....
#######............
####...###...


You could see an air elemental, Robin, a hobgoblin (strong) and 2 goblins.

Vanquished Creatures
  Ijyb (D:3)
  Terence (D:3)
  5 adders
  A worm (D:2)
  2 orcs (D:3)
  7 endoplasms
  2 giant cockroaches
  9 goblins
  5 hobgoblins
  4 jackals (D:2)
  2 quokkas
  2 ball pythons
  4 bats (D:1)
  A frilled lizard (D:2)
  4 kobolds
  2 rats (D:3)
52 creatures vanquished.

Notes
Turn   | Place    | Note
-------+----------+-------------------------------------------
     0 | D:1      | porpoise the Barachi Hunter began the quest for the Orb.
     0 | D:1      | Reached XP level 1. HP: 17/17 MP: 1/1
   181 | D:1      | Reached XP level 2. HP: 23/23 MP: 2/2
   688 | D:2      | Reached XP level 3. HP: 26/29 MP: 3/3
   963 | D:2      | Reached skill level 5 in Ranged Weapons
  1000 | D:2      | Reached XP level 4. HP: 28/35 MP: 4/4
  1534 | D:3      | Noticed a water elemental
  1538 | D:3      | Found a stormy altar of Qazlal.
  1538 | D:3      | Noticed an earth elemental
  1538 | D:3      | Noticed Ijyb
  1553 | D:3      | Killed Ijyb
  1554 | D:3      | Reached XP level 5. HP: 9/42 MP: 5/5
  1677 | D:3      | Noticed an air elemental
  1678 | D:3      | Noticed a fire elemental
  1686 | D:3      | Noticed Terence
  1696 | D:3      | HP: 1/42 [something (5)]
  1697 | D:3      | Killed Terence
  1919 | D:3      | Identified the +0 helmet of Uconk {-Cast Rampage rPois
                  | Regen+}
  1919 | D:3      | Noticed Robin
  1958 | D:3      | HP: 1/42 [goblin/+0 club[Robin] (5)]
  1960 | D:3      | Slain by a goblin

Illustrated notes

Levels and vault maps discovered:
D:1:      arrival_zaba_pyramid, layout_loops_ring, minmay_bisected
D:2:      layout_loops_ring, hangedman_abyss_or_decor_stabs, nicolae_half_adder
D:3:      layout_rooms, nicolae_qazlal_style_of_elements,
          shapermc_ecumenical_altar_mp_ritualfount, uniq_ijyb, uniq_terence,
          uniq_robin

Skill      XL: |  1  2  3  4  5 |
---------------+----------------+-----
Fighting       | 3 4 |  4.1
Ranged Weapons | 5 |  5.8
Dodging        | |  2.1
Stealth        | |  0.8

Action                     |  1- 3 |  4- 6 || total
---------------------------+-------+-------++-------
   Fire: Shortbow          |    71 |    93 ||   164
 Armour: Leather armour    |     4 |    13 ||    17
  Dodge: Dodged            |    16 |    43 ||    59
